 Dungeon Crawl Stone Soup version 0.24-a0-201-gf205589 (webtiles) character file.

Game seed: 5923921229530606104

11701 Borgoz the Slicer (level 11, -4/93 HPs)
             Began as a Ghoul Monk on Mar 23, 2019.
             Was a Priest of Ashenzari.
             Slain by Snorg (6 damage)
             ... on level 10 of the Dungeon.
             The game lasted 00:21:57 (8934 turns).

Borgoz the Slicer (Ghoul Monk)                      Turns: 8934, Time: 00:21:58

Health: -4/93      AC: 10    Str: 21    XL:     11   Next: 81%
Magic:  10/10      EV: 15    Int:  7    God:    Ashenzari [***...]
Gold:   422        SH:  0    Dex: 12    Spells: 10/10 levels left

rFire    . . .     SeeInvis +   G - +11 rapier "Borgoz's Death" {flame, +Rage}
rCold    + . .     Gourm    .   (no shield)
rNeg     + + +     Faith    .   e - +0 ring mail (curse)
rPois    ∞         Spirit   .   (no helmet)
rElec    .         Reflect  .   D - +0 cloak
rCorr    .         Harm     .   f - +0 pair of gloves
MR       .....                  s - +0 pair of boots
Stlth    +++++.....             (no amulet)
HPRegen  0.00/turn              x - ring of stealth
MPRegen  0.12/turn              O - ring of stealth (curse)

@: mighty, rotting
A: rotting body, claws 1, carnivore, cold resistance 1, negative energy
resistance 3, inhibited regeneration, torment resistance, unbreathing
a: Curse Item, Scrying, Renounce Religion


You were on level 10 of the Dungeon.
You worshipped Ashenzari.
Ashenzari was most pleased with you.
You were not hungry.

You visited 2 branches of the dungeon, and saw 11 of its levels.

You collected 620 gold pieces.
You spent 198 gold pieces at shops.

Inventory:

Hand Weapons
 a - a +3 dagger of venom
 b - a +0 short sword of draining
 o - a +0 rapier
 u - a +2 dagger of freezing
 C - a +0 rapier
 G - the +11 rapier "Borgoz's Death" (weapon) {flame, +Rage}
   (You found it on level 7 of the Dungeon)

   It has been specially enchanted to burn those struck by it, causing extra
   injury to most foes and up to half again as much damage against particularly
   susceptible opponents.
   It lets you go berserk.
 M - a +0 dagger of chaos
Missiles
 d - 4 javelins (quivered)
 A - 3 tomahawks
 J - a throwing net
Armour
 e - a cursed +0 ring mail (worn)
 f - a +0 pair of gloves (worn)
 s - a +0 pair of boots (worn)
 D - a +0 cloak (worn)
 H - a +2 ring mail of fire resistance
 K - the cursed +1 ring mail "Dybolig" {rPois Dex+2}
   (You bought it in a shop on level 8 of the Dungeon)

   It affects your dexterity (+2).
   It protects you from poison.
   It has a curse placed upon it.
 R - a +0 troll leather armour
Jewellery
 t - an uncursed ring of protection from cold
 x - a ring of stealth (left hand)
 y - an uncursed ring of protection from cold
 O - a cursed ring of stealth (right hand)
Wands
 L - a wand of random effects (13)
 N - a wand of acid (18)
 Q - a wand of iceblast (14)
 S - a wand of enslavement (10)
 V - a wand of scattershot (4)
Scrolls
 i - 6 scrolls of teleportation
 j - 3 scrolls of immolation {unknown}
 l - a scroll of magic mapping {unknown}
 m - 5 scrolls of amnesia
 v - 2 scrolls of fog {unknown}
 w - a scroll of noise {unknown}
 B - 3 scrolls of remove curse
 F - 3 scrolls of enchant armour {unknown}
 I - a scroll of random uselessness {unknown}
 T - a scroll of fear {unknown}
 U - 2 scrolls of identify
Potions
 g - 6 potions of curing
 h - a potion of invisibility
 k - a potion of agility
 n - 2 potions of cancellation
 p - 3 potions of magic
 q - 3 potions of heal wounds
 r - 3 potions of flight
 E - 2 potions of might
 P - a potion of haste
Comestibles
 c - 18 rations
 z - 3 chunks of flesh


   Skills:
 - Level 7.7 Fighting
 + Level 10.6 Short Blades
 + Level 7.3 Armour
 + Level 7.9 Dodging
 + Level 8.6 Stealth


You had 10 spell levels left.
You didn't know any spells.
Your spell library contained the following spells:

 Spells                   Type           Power        Failure   Level  Hunger
 Sticks to Snakes         Tmut           #.......     71%         2    ###....
 Beastly Appendage        Tmut           Unusable     N/A         1    N/A
 Spider Form              Tmut/Pois      Unusable     N/A         3    N/A
 Ice Form                 Ice/Tmut       Unusable     N/A         4    N/A
 Blade Hands              Tmut           Unusable     N/A         5    N/A

Dungeon Overview and Level Annotations

Branches:
Dungeon (10/15)            Temple (1/1) D:7
   Lair: D:8-11         Orc: D:9-12

Altars:
Ashenzari
Cheibriados
Dithmenos
Elyvilon
Fedhas
Gozag
Hepliaklqana
Kikubaaqudgha
Makhleb
Nemelex Xobeh
Okawaru
Qazlal
Ru
Sif Muna
Trog
Uskayaw
Vehumet
Wu Jian
Xom
Yredelemnul
Zin
The Shining One

Shops:
D:4 [   D:8 [   D:9 [

Annotations:
D:10 Snorg


Innate Abilities, Weirdness & Mutations

Your body is rotting away.
You thrive on raw meat.
You are immune to poison.
You have sharp fingernails.
You are carnivorous and can eat meat at any time.
Your flesh is cold resistant. (rC+)
You are immune to negative energy. (rN+++)
You do not regenerate when monsters are visible.
You are immune to unholy pain and torment.
You can survive without breathing.


Message History

* * * LOW HITPOINT WARNING * * *
Eat one of 3 chunks of flesh? (ye/n/q)
Okay, then.
You feel much better. Snorg closely misses you. Snorg barely misses you.
Snorg claws you.
You impale Snorg!! You burn Snorg.
Snorg is severely wounded.
Snorg barely misses you. Snorg claws you!
* * * LOW HITPOINT WARNING * * *
Snorg claws you!
* * * LOW HITPOINT WARNING * * *
Snorg barely misses you. Snorg claws you.
* * * LOW HITPOINT WARNING * * *
Snorg misses you.
You feel much better. Snorg bites you!
* * * LOW HITPOINT WARNING * * *
Snorg claws you!
* * * LOW HITPOINT WARNING * * *
Snorg claws you.
You die...

...........# #..##... ,
##...........####...##..
,.......>............#..#
.#............##.......#
* ,
...............###......
.....8.....8..# ###....
#......?................
, #..........# ..........
* *#....@T...#...........
###.......#...........
###...#.............
#......###.........
#......# *#.......#
##.....#####.......#
#..........#........
##.......)..........
#......##..........


You could see Snorg (berserk).

Vanquished Creatures
  A two-headed ogre (D:8)
  Nergalle (D:10)
  An unseen horror (D:8)
  Pikel (D:4)
  A manticore (D:9)
  Joseph (D:8)
  Psyche (D:8)
  2 trolls (D:9)
  A hornet (D:8)
  Sigmund (D:3)
  Eustachio (D:6)
  7 yaks (D:9)
  A hungry ghost (D:7)
  5 soldier ants (D:5)
  Duvessa (D:5)
  2 water moccasins (D:5)
  2 orc warriors
  2 black bears
  A sky beast (D:10)
  A phantom (D:8)
  4 ice beasts
  7 ogres
  7 centaurs
  3 big kobolds
  A crocodile (D:9)
  4 bullfrogs
  A wyvern zombie (D:7)
  Dowan (D:5)
  4 scorpions
  17 killer bees
  A howler monkey (D:6)
  3 crimson imps
  A bullfrog zombie (D:8)
  2 centaur zombies
  2 jellies
  2 quasits
  2 gnoll shamans
  Crazy Yiuf (D:6)
  5 hounds
  4 orc priests
  3 bullfrog skeletons
  2 iguanas
  Natasha (thrice) (D:3 D:4)
  8 orc wizards
  13 worker ants
  A hound zombie (D:10)
  A hound skeleton (D:9)
  7 gnolls
  2 howler monkey skeletons
  14 adders
  5 shadow imps
  An ooze (D:6)
  An adder skeleton (D:8)
  3 worms
  3 dart slugs
  8 leopard geckos
  39 orcs
  5 giant cockroaches
  11 goblins
  5 hobgoblins
  9 jackals
  18 kobolds
  6 quokkas
  2 ball pythons
  A ball python skeleton (D:5)
  13 bats
  4 frilled lizards
  2 jackal zombies (D:6)
  A leopard gecko skeleton (D:5)
  8 rats
  A butterfly (D:7)
  A fungus (D:6)
307 creatures vanquished.

Vanquished Creatures (others)
  An iguana (D:4)
  An adder (D:4)
  An adder zombie (D:4)
  An orc (D:4)
  A giant cockroach (D:4)
  A jackal (D:4)
6 creatures vanquished.

Grand Total: 313 creatures vanquished

Notes
Turn   | Place    | Note
-------+----------+-------------------------------------------
     0 | D:1      | Borgoz the Ghoul Monk began the quest for the Orb.
     0 | D:1      | Reached XP level 1. HP: 19/19 MP: 0/0
   153 | D:1      | Reached XP level 2. HP: 26/26 MP: 1/1
   158 | D:1      | Reached skill level 3 in Short Blades
   684 | D:2      | Reached XP level 3. HP: 31/31 MP: 2/2
   693 | D:2      | Reached skill level 1 in Armour
   812 | D:2      | Reached XP level 4. HP: 12/38 MP: 3/3
  1201 | D:2      | Reached skill level 4 in Short Blades
  1222 | D:2      | Reached XP level 5. HP: 44/45 MP: 4/4
  1332 | D:3      | Noticed Natasha
  1347 | D:3      | Killed Natasha
  1366 | D:3      | Noticed Natasha
  1372 | D:3      | Killed Natasha
  1543 | D:4      | Found a shattered altar of Ashenzari.
  1635 | D:4      | Found Piraplun's Antique Armour Shop.
  1703 | D:4      | Reached XP level 6. HP: 51/51 MP: 5/5
  1830 | D:3      | Found a blossoming altar of Fedhas.
  1831 | D:3      | Noticed Natasha
  1836 | D:3      | Noticed Sigmund
  1844 | D:4      | Killed Natasha
  2064 | D:4      | Noticed a slave
  2065 | D:4      | Noticed Pikel
  2065 | D:4      | Noticed a slave
  2065 | D:4      | Noticed a slave
  2065 | D:4      | Noticed a slave
  2090 | D:4      | Killed Pikel
  2090 | D:4      | Reached skill level 6 in Short Blades
  2090 | D:4      | Reached XP level 7. HP: 26/57 MP: 6/6
  2555 | D:4      | Reached XP level 8. HP: 58/63 MP: 7/7
  2606 | D:4      | Became a worshipper of Ashenzari the Shackled
  2606 | D:4      | Reached * piety under Ashenzari
  2606 | D:4      | Reached ** piety under Ashenzari
  2741 | D:3      | Found a burning altar of Makhleb.
  3272 | D:5      | Entered Level 5 of the Dungeon
  3543 | D:5      | Found a glowing silver altar of Zin.
  3605 | D:5      | Reached skill level 5 in Dodging
  3764 | D:5      | Found a runed translucent door.
  3767 | D:5      | Found a runed translucent gate.
  3769 | D:5      | Found the +9 staff of Olgreb {rPois}
  3798 | D:5      | Noticed Duvessa
  3798 | D:5      | Noticed Dowan
  3814 | D:5      | Killed Duvessa
  3823 | D:5      | Killed Dowan
  3875 | D:5      | Reached skill level 7 in Short Blades
  4044 | D:5      | Found a runed translucent gate.
  4044 | D:5      | Found a runed translucent gate.
  4052 | D:5      | Found a runed translucent door.
  4308 | D:6      | Noticed Eustachio
  4335 | D:6      | Killed Eustachio
  4335 | D:6      | Reached XP level 9. HP: 44/72 MP: 8/8
  5027 | D:6      | Reached skill level 5 in Fighting
  5259 | D:6      | Found a runed translucent door.
  5260 | D:6      | Noticed Crazy Yiuf
  5271 | D:6      | Killed Crazy Yiuf
  5271 | D:6      | Reached skill level 5 in Armour
  5412 | D:7      | Reached skill level 8 in Short Blades
  5445 | D:7      | Reached skill level 5 in Stealth
  5550 | D:7      | Found a white marble altar of Elyvilon.
  5555 | D:7      | Got the rapier "Borgoz's Death" {flame, +Rage}
  5559 | D:7      | Identified the +11 rapier "Borgoz's Death" {flame, +Rage}
                  | (You found it on level 7 of the Dungeon)
  5624 | D:7      | Found a staircase to the Ecumenical Temple.
  5646 | Temple   | Entered the Ecumenical Temple
  5792 | D:7      | Reached XP level 10. HP: 58/83 MP: 9/9
  6070 | D:7      | Reached *** piety under Ashenzari
  6498 | D:8      | Found Kouti's Antique Armour Shop.
  6502 | D:8      | Bought a smoking ring mail for 198 gold pieces
  6502 | D:8      | Identified the cursed +1 ring mail "Dybolig" {rPois Dex+2}
                  | (You bought it in a shop on level 8 of the Dungeon)
  6554 | D:8      | Noticed Psyche
  6560 | D:8      | Reached skill level 9 in Short Blades
  6565 | D:8      | Killed Psyche
  6716 | D:8      | Noticed an unseen horror
  6732 | D:8      | Killed an unseen horror
  6796 | D:8      | Noticed a two-headed ogre
  6804 | D:8      | Killed a two-headed ogre
  6924 | D:8      | Noticed Joseph
  6940 | D:8      | Killed Joseph
  7002 | D:8      | Found an ornate altar of the Wu Jian Council.
  7395 | D:3      | Killed Sigmund
  7395 | D:3      | Reached XP level 11. HP: 91/91 MP: 10/10
  7546 | D:5      | Reached skill level 10 in Short Blades
  7867 | D:9      | Noticed a manticore
  7878 | D:9      | Killed a manticore
  8011 | D:9      | Found Suiceo's Antique Armour Emporium.
  8039 | D:9      | Found a sacrificial altar of Ru.
  8264 | D:9      | Found a sparkling altar of Nemelex Xobeh.
  8467 | D:9      | Found a stormy altar of Qazlal.
  8475 | D:9      | Found a sacrificial altar of Ru.
  8595 | D:10     | Entered Level 10 of the Dungeon
  8698 | D:10     | Noticed Snorg
  8835 | D:10     | Noticed Nergalle
  8839 | D:10     | Noticed a spectral orc warlord
  8856 | D:10     | Killed Nergalle
  8934 | D:10     | HP: 2/93 [Snorg (9)]
  8934 | D:10     | Slain by Snorg

Levels and vault maps discovered:
D:1:      dpeg_arrival_tiny_c, layout_loops_cross, minmay_misc_feat_room,
          minmay_misc_feat_nine_boxes, minmay_tromino_v7
D:2:      layout_basic
D:3:      layout_basic, lemuel_round_altar, lemuel_crystal_altar, first_ration,
          uniq_sigmund, uniq_natasha
D:4:      layout_loops_corners, ashenzari_conservatory_becter, serial_shops,
          nicolae_shop_statue_plus, uniq_pikel
D:5:      layout_loops_ring, basic_altar, minmay_guarded_unrand_staff_of_olgreb,
          uniq_duvessa
D:6:      layout_loops_ring, minivault_1, chequers_garden,
          uniq_crazy_yiuf_cottage, uniq_eustachio
D:7:      layout_loops_ring, elyvilon_altar_3, minmay_temple_entry_butterflies,
          grunt_ogre_cave, minmay_misc_feat_x
D:8:      layout_loops_ring, kennysheep_mini, serial_shops, shop, uniq_psyche,
          uniq_joseph
D:9:      layout_rooms, nemelex_altar_shiori, amethyst_overflow_temple_binary,
          serial_shops, shop, basic_altar, statue_in_the_mist_lemuel,
          nrook_mini_backslash
D:10:     layout_cave_pools, st_stairs_1, uniq_snorg, uniq_nergalle
Temple:   zaba_magenta_temple

Skill      XL: |  1  2  3  4  5  6  7  8  9 10 11 |
---------------+----------------------------------+-----
Short Blades   | 3 4 6 7 8 9 10 | 10.6
Armour         | 1 2 3 4 5 6 7 |  7.3
Dodging        | 3 4 5 6 7 |  7.9
Stealth        | 4 5 7 8 |  8.6
Fighting       | 4 5 7 |  7.7

Action                   |  1- 3 |  4- 6 |  7- 9 | 10-12 || total
-------------------------+-------+-------+-------+-------++-------
Melee: Short sword       |    17 |       |     1 |       ||    18
       Whip              |    71 |    43 |       |       ||   114
       Dagger            |       |   110 |   418 |       ||   528
       Rapier            |       |       |    34 |   418 ||   452
  Use: Scroll            |       |       |     7 |     5 ||    12
       Potion            |       |       |       |     3 ||     3
 Stab: Sleeping          |     1 |     1 |    16 |    16 ||    34
       Distracted        |       |       |     1 |     2 ||     3
  Eat: Chunk             |     9 |    14 |    22 |    39 ||    84
Armor: Robe              |    10 |       |       |       ||    10
       Ring mail         |    25 |    65 |    86 |   105 ||   281
Dodge: Dodged            |    61 |   104 |   199 |   254 ||   618

Table legend:
 A = Non-vault XP
 B = Vault XP
 C = Vault XP percentage of total XP
 D = Non-vault monster count
 E = Vault monster count
 F = Vault count percentage of total count
                 A         B        C        D         E       F
            +---------+---------+-------+---------+---------+-------
      Total |   11691 |    5026 |  30.1 |     268 |      37 |  12.1
            +---------+---------+-------+---------+---------+-------
        D:1 |      24 |       8 |  25.0 |      16 |       4 |  20.0
        D:2 |     133 |       0 |   0.0 |      36 |       0 |   0.0
        D:3 |      86 |     266 |  75.6 |      16 |       2 |  11.1
        D:4 |     346 |     651 |  65.3 |      20 |       1 |   4.8
        D:5 |     627 |    1969 |  75.8 |      20 |      23 |  53.5
        D:6 |    1034 |     245 |  19.2 |      35 |       2 |   5.4
        D:7 |    1683 |     113 |   6.3 |      31 |       1 |   3.1
        D:8 |    3060 |     903 |  22.8 |      35 |       2 |   5.4
        D:9 |    3870 |       0 |   0.0 |      44 |       0 |   0.0
       D:10 |     828 |     871 |  51.3 |      15 |       2 |  11.8
            +---------+---------+-------+---------+---------+-------
